 Dungeon Crawl Stone Soup version 0.23.2 (webtiles) character file.

Game seed: 14462491462805627287

10750 Kairos the Spear-Bearer (level 11, -9/86 HPs)
             Began as a Formicid Skald on Apr 11, 2019.
             Was a High Priest of Okawaru.
             Mangled by a swamp worm (12 damage)
             ... on level 4 of the Lair of Beasts.
             The game lasted 00:44:07 (15534 turns).

Kairos the Spear-Bearer (Formicid Skald)           Turns: 15534, Time: 00:44:08

Health: -9/86      AC: 13    Str: 22    XL:     11   Next: 98%
Magic:  15/21      EV: 13    Int: 15    God:    Okawaru [*****.]
Gold:   748        SH:  0    Dex: 10    Spells: 9/24 levels left

rFire    . . .     SeeInvis +   p - +0 halberd
rCold    . . .     Gourm    .   (no shield)
rNeg     . . .     Faith    +   c - +2 ring mail {rPois}
rPois    +         Spirit   .   (helmet unavailable)
rElec    .         Reflect  .   G - +0 cloak
rCorr    .         Harm     .   (no gloves)
MR       +....                  V - +0 pair of boots
Stlth    ++........             N - amulet of faith
HPRegen  0.24/turn              w - +5 ring of strength
MPRegen  0.17/turn              F - +3 ring of protection

@: very slightly contaminated
A: permanent stasis, dig shafts and tunnels, four strong arms, antennae 3
a: Dig, Shaft Self, Heroism, Finesse, Renounce Religion


You were on level 4 of the Lair of Beasts.
You worshipped Okawaru.
Okawaru was extremely pleased with you.
You were not hungry.

You visited 3 branches of the dungeon, and saw 13 of its levels.
You also visited: Sewer and Ossuary.

You collected 748 gold pieces.

Inventory:

Hand Weapons
 a - a +1 spear
 o - a +1 hand axe of flaming
 p - a +0 halberd (weapon)
 S - a +0 war axe of electrocution
 U - a +0 glaive
Armour
 c - a +2 ring mail of poison resistance (worn)
 u - the +1 robe of the Leaf {+Fly rCorr}
   (You found it on level 5 of the Dungeon)

   It lets you fly.
   It provides partial protection from all sources of acid and corrosion.
 G - a +0 cloak (worn)
 P - a +1 scale mail of fire resistance
 V - a +0 pair of boots (worn)
Jewellery
 f - an uncursed amulet of the gourmand
 k - an uncursed ring of protection from cold
 n - an uncursed ring of poison resistance
 w - a +5 ring of strength (left hand)
 F - a +3 ring of protection (right hand)
 L - an uncursed ring of protection from cold
 N - an amulet of faith (around neck)
 O - the ring "Biwk" {rElec Stlth+}
   (You found it on level 8 of the Dungeon)

   [ring of stealth]

   It insulates you from electricity.
   It makes you more stealthy.
Wands
 r - a wand of flame (10)
 s - a wand of paralysis (7)
 E - a wand of disintegration (11)
 K - a wand of iceblast (9)
Scrolls
 b - a scroll of silence {unknown}
 e - 4 scrolls of fog
 h - 7 scrolls of remove curse
 q - a scroll of enchant weapon
 t - 2 scrolls of enchant armour
 v - 5 scrolls of magic mapping
 x - a scroll of brand weapon
 y - 2 scrolls of blinking
 z - 2 scrolls of noise {unknown}
 B - a scroll of immolation
 C - 2 scrolls of fear
 M - 2 scrolls of acquirement {unknown}
 R - a scroll of vulnerability {unknown}
 W - 3 scrolls of identify
Potions
 g - 2 potions of curing
 i - 7 potions of magic
 j - 2 potions of flight {unknown}
 l - a potion of might
 m - 3 potions of brilliance {unknown}
 A - 2 potions of resistance {unknown}
 D - a potion of mutation {unknown}
 I - 3 potions of haste {unknown}
 J - a potion of agility {unknown}
 Q - a potion of degeneration {unknown}
Miscellaneous
 T - a box of beasts
Comestibles
 d - 9 rations


   Skills:
 + Level 8.1 Fighting
 * Level 10.8 Polearms
 + Level 5.3 Armour
 + Level 5.1 Dodging
 - Level 4.4 Stealth
 + Level 7.2 Spellcasting
 + Level 5.0 Hexes
 + Level 6.1 Charms
 + Level 1.6 Necromancy
 + Level 0.1 Translocations
 + Level 1.2 Invocations


You had 9 spell levels left.
You knew the following spells:

 Your Spells              Type           Power        Failure   Level  Hunger
a - Infusion              Chrm           ###.         1%          1    None
b - Regeneration          Chrm/Necr      ###.......   12%         3    ##.....
c - Spectral Weapon       Hex/Chrm       ###.....     6%          3    ##.....
d - Shroud of Golubria    Chrm/Tloc      ##........   9%          2    None
e - Invisibility          Hex            ###.....     98%         6    #######

Your spell library contained the following spells:

 Spells                   Type           Power        Failure   Level  Hunger
 Confusing Touch          Hex            ###...       2%          1    None
 Song of Slaying          Chrm           ###.....     2%          2    None
 Slow                     Hex            ###.....     3%          2    None
 Tukima's Dance           Hex            ###.....     8%          3    ##.....
 Animate Skeleton         Necr           N/A          10%         1    None
 Apportation              Tloc           #.....       19%         1    None
 Magic Dart               Conj           #...         21%         1    None
 Summon Butterflies       Summ           #.......     21%         1    None
 Summon Small Mammal      Summ           #...         21%         1    None
 Call Imp                 Summ           #.......     30%         2    None
 Lesser Beckoning         Tloc           #.........   50%         3    ##.....
 Conjure Flame            Conj/Fire      #.......     52%         3    ##.....
 Mephitic Cloud           Conj/Pois/Air  #.......     52%         3    ##.....
 Iskenderun's Battlesphe  Conj/Chrm      ##......     85%         5    #####..
 Alistair's Intoxication  Tmut/Pois      #.......     99%         5    #####..
 Bolt of Magma            Conj/Fire/Erth #.........   99%         5    #####..
 Venom Bolt               Conj/Pois      #.........   99%         5    #####..
 Iron Shot                Conj/Erth      #.........   100%        6    #######
 Orb of Destruction       Conj           #.........   100%        7    #######
 Spellforged Servitor     Conj/Summ      #.........   100%        7    #######
 Blink                    Tloc           Unusable     N/A         2    N/A

Dungeon Overview and Level Annotations

Branches:
Dungeon (8/15)             Temple (1/1) D:6            Lair (4/6) D:8
  Swamp (0/4) Lair:4
  Snake: Lair:2-4    Spider: Lair:2-4

Altars:
Ashenzari
Cheibriados
Dithmenos
Elyvilon
Fedhas
Gozag
Kikubaaqudgha
Makhleb
Nemelex Xobeh
Okawaru
Qazlal
Ru
Sif Muna
Trog
Uskayaw
Vehumet
Wu Jian
Xom
Yredelemnul
Zin
The Shining One

Annotations:
Lair:3 1 runed translucent door, cklessthan3's ghost, journeyman TrBe


Innate Abilities, Weirdness & Mutations

You cannot be hasted, slowed, berserked, paralysed or teleported.
You can dig through walls and to a lower floor.
Your four strong arms can wield two-handed weapons with a shield.
You have a pair of large antennae on your head. (SInv)


Message History

Your spectral weapon hits the swamp worm from afar!
The swamp worm bites you! The swamp worm barely misses you.
Unknown command.
You closely miss the swamp worm.
The swamp worm is severely wounded.
Your spectral weapon fades away.
The swamp worm bites you but does no damage.
The swamp worm bites you!
Unknown command.
Casting: Spectral Weapon (safe; 6% risk of failure)
Confirm with . or Enter, or press ? or * to list all spells.
You draw out your weapon's spirit!
The swamp worm bites you!
* * * LOW HITPOINT WARNING * * *
The swamp worm bites you!
* * * LOW HITPOINT WARNING * * *
The swamp worm bites you.
* * * LOW HITPOINT WARNING * * *
The swamp worm barely misses your spectral weapon.
The swamp worm bites you!
You die...

......# ......## #
#......##.#.#..
P..#.....?.....
...............
.........♣♣♣♣♣♣
#...♣♣♣♣♣♣♣♣♣♣♣♣♣♣♣♣♣
..♣♣♣≈≈≈♣≈≈≈≈≈≈≈§≈w§♣
.⌠...♣....†....♣@(§§♣
.⌠.....♣...†....§w§§♣
..♣♣♣≈≈≈≈♣≈≈≈≈♣≈§;§≈♣
#...♣♣♣♣♣♣♣♣♣♣♣♣♣♣♣♣♣
##.......♣ ##.#.#..♣♣
########


You could see 2 swamp worms, an electric eel and a friendly spectral +0 halberd.

Vanquished Creatures
  A black mamba (Lair:2)
  6 spiny frogs
  A komodo dragon (Lair:1)
  3 bog bodies (Lair:4)
  A polar bear (Lair:4)
  A hippogriff (Lair:2)
  7 blink frogs
  8 yaks
  A wyvern (Lair:3)
  Menkaure (Ossuary)
  A swamp worm (Lair:4)
  8 water moccasins
  2 porcupines (Lair:1)
  5 sky beasts
  A black bear (D:6)
  An ice beast (D:7)
  2 necrophages
  An ogre (D:6)
  A centaur (D:7)
  2 crocodiles
  A big kobold (D:8)
  8 bullfrogs
  9 killer bees (D:7)
  An electric eel (Lair:4)
  A howler monkey (D:6)
  A crimson imp (D:7)
  3 centaur zombies (Ossuary)
  A hound (D:6)
  4 orc priests
  2 human zombies (Ossuary)
  A bullfrog skeleton (D:3)
  An iguana (D:5)
  10 orc wizards
  10 worker ants
  A killer bee zombie (D:7)
  2 ogre zombies (Ossuary)
  A hound zombie (D:6)
  A hound skeleton (D:6)
  6 mummies (Ossuary)
  A worker ant zombie (D:2)
  5 gnolls
  17 adders
  A shadow imp (D:8)
  4 oozes
  3 adder zombies (Ossuary)
  5 worms
  A dart slug (D:2)
  10 leopard geckos
  26 orcs
  3 ball pythons
  4 giant cockroaches
  6 goblins
  5 hobgoblins
  23 jackals
  6 quokkas
  4 bats
  7 frilled lizards
  2 gnoll zombies (Ossuary)
  3 goblin zombies (Ossuary)
  2 hobgoblin zombies (Ossuary)
  17 kobolds
  9 kobold zombies (Ossuary)
  A leopard gecko zombie (D:5)
  2 quokka skeletons
  5 quokka zombies
  3 rats
  2 plants (Sewer)
295 creatures vanquished.

Vanquished Creatures (others)
  4 fungi
  9 spectral weapons
13 creatures vanquished.

Grand Total: 308 creatures vanquished

Notes
Turn   | Place    | Note
-------+----------+-------------------------------------------
     0 | D:1      | Kairos the Formicid Skald began the quest for the Orb.
     0 | D:1      | Reached XP level 1. HP: 16/16 MP: 3/3
   111 | D:1      | Reached XP level 2. HP: 3/22 MP: 0/5
   540 | D:1      | Reached XP level 3. HP: 22/28 MP: 0/6
   811 | D:2      | Reached XP level 4. HP: 32/34 MP: 7/7
  2289 | D:2      | Reached skill level 1 in Stealth
  2289 | D:2      | Reached XP level 5. HP: 36/39 MP: 5/9
  2523 | D:3      | Reached skill level 3 in Polearms
  2825 | D:3      | Found a glowing drain.
  2894 | Sewer    | Entered a sewer
  3466 | Sewer    | Reached XP level 6. HP: 45/46 MP: 10/10
  4437 | D:3      | Learned a level 3 spell: Regeneration
  4441 | D:3      | Learned a level 3 spell: Spectral Weapon
  4444 | D:3      | Learned a level 2 spell: Shroud of Golubria
  4661 | D:4      | Reached XP level 7. HP: 20/52 MP: 8/11
  4927 | D:4      | Reached skill level 4 in Polearms
  5295 | D:4      | Reached skill level 1 in Hexes
  5529 | D:4      | Reached skill level 5 in Polearms
  5535 | D:4      | Reached XP level 8. HP: 29/60 MP: 7/13
  6239 | D:5      | Entered Level 5 of the Dungeon
  6340 | D:5      | Found a radiant altar of Vehumet.
  6402 | D:5      | Got a faintly glowing robe
  6413 | D:5      | Identified the +1 robe of the Leaf {+Fly rCorr} (You found
                  | it on level 5 of the Dungeon)
  6848 | D:6      | Found a staircase to the Ecumenical Temple.
  6854 | Temple   | Entered the Ecumenical Temple
  6961 | Temple   | Became a worshipper of Warmaster Okawaru
  7046 | D:6      | Found a sand-covered staircase.
  7065 | Ossuary  | Entered an ossuary
  7392 | Ossuary  | Reached skill level 6 in Polearms
  7771 | Ossuary  | Noticed Menkaure
  7779 | Ossuary  | Killed Menkaure
  7779 | Ossuary  | Reached XP level 9. HP: 39/66 MP: 5/14
  7920 | D:6      | Reached * piety under Okawaru
  7920 | D:6      | Reached skill level 7 in Polearms
  8003 | D:6      | Reached skill level 5 in Fighting
  8635 | D:7      | Reached skill level 8 in Polearms
  8813 | D:7      | Reached ** piety under Okawaru
  9182 | D:7      | Reached XP level 10. HP: 26/74 MP: 9/16
  9635 | D:7      | Reached skill level 9 in Polearms
 10201 | D:8      | Reached skill level 5 in Charms
 10405 | D:8      | Got a twitching silver ring
 10413 | D:8      | Identified the ring "Biwk" {rElec Stlth+} (You found it on
                  | level 8 of the Dungeon)
 10776 | D:8      | Found a staircase to the Lair.
 10789 | Lair:1   | Entered Level 1 of the Lair of Beasts
 10817 | Lair:1   | Noticed a spiny frog
 10825 | Lair:1   | Killed a spiny frog
 11393 | Lair:1   | Reached *** piety under Okawaru
 11395 | Lair:1   | Reached skill level 5 in Spellcasting
 11486 | Lair:1   | Noticed a spiny frog
 11494 | Lair:1   | Killed a spiny frog
 11773 | Lair:1   | Noticed a komodo dragon
 11780 | Lair:1   | Killed a komodo dragon
 11864 | Lair:1   | Learned a level 6 spell: Invisibility
 12019 | Lair:2   | Noticed a spiny frog
 12047 | Lair:2   | Reached skill level 10 in Polearms
 12059 | Lair:2   | Noticed a spiny frog
 12065 | Lair:2   | Killed a spiny frog
 12065 | Lair:2   | Reached skill level 1 in Necromancy
 12084 | Lair:2   | Noticed a black mamba
 12097 | Lair:2   | Killed a black mamba
 12097 | Lair:2   | Reached **** piety under Okawaru
 12097 | Lair:2   | Reached XP level 11. HP: 31/82 MP: 11/19
 12119 | Lair:2   | Reached skill level 5 in Dodging
 12506 | Lair:2   | Reached skill level 1 in Invocations
 13475 | Lair:3   | HP: 4/84 [spiny frog (9)]
 13480 | Lair:3   | HP: 4/84 [spiny frog (21)]
 13494 | Lair:3   | Reached ***** piety under Okawaru
 13499 | Lair:3   | HP: 4/84 [blink frog (11)]
 14214 | Lair:3   | Received a gift from Okawaru
 14301 | Lair:3   | Reached skill level 5 in Hexes
 14667 | Lair:3   | Found a runed translucent door.
 14668 | Lair:3   | Noticed cklessthan3's ghost (journeyman TrBe)
 15524 | Lair:4   | Reached skill level 5 in Armour
 15527 | Lair:4   | Found a staircase to the Swamp.
 15533 | Lair:4   | HP: 3/86 [swamp worm (3)]
 15534 | Lair:4   | Mangled by a swamp worm

Skill      XL: |  1  2  3  4  5  6  7  8  9 10 11 |
---------------+----------------------------------+-----
Dodging        | 2 3 4 5 |  5.1
Stealth        | 1 3 4 |  4.4
Polearms       | 3 5 6 8 10 | 10.8
Armour         | 2 3 4 5 |  5.3
Spellcasting   | 3 4 5 7 |  7.2
Fighting       | 3 4 5 6 8 |  8.1
Charms         | 4 5 6 |  6.1
Hexes          | 2 3 4 5 |  5.0
Necromancy     | 1 |  1.6
Invocations    | 1 |  1.2
Translocations | |  0.1

Action                   |  1- 3 |  4- 6 |  7- 9 | 10-12 || total
-------------------------+-------+-------+-------+-------++-------
Melee: Spear             |    92 |   437 |    32 |    29 ||   590
       Halberd           |       |       |   398 |   287 ||   685
       Glaive            |       |       |       |     3 ||     3
       Punch             |       |       |       |     1 ||     1
 Cast: Infusion          |     6 |    20 |       |       ||    26
       Spectral Weapon   |       |     4 |    31 |    32 ||    67
       Regeneration      |       |       |     1 |    18 ||    19
       Shroud of Golubri |       |       |     1 |       ||     1
Invok: Heroism           |       |       |     2 |    12 ||    14
 Abil: Dig               |       |     8 |     4 |     6 ||    18
  Use: Scroll            |     2 |     6 |     4 |     4 ||    16
       Potion            |       |       |     1 |    11 ||    12
 Stab: Sleeping          |     1 |     2 |    17 |     2 ||    22
       Fleeing           |       |       |       |     2 ||     2
       Distracted        |       |       |       |     1 ||     1
  Eat: Chunk             |     7 |    20 |    12 |    11 ||    50
       Ration            |       |       |       |     4 ||     4
Armor: Leather armour    |    23 |    63 |    47 |    19 ||   152
       Robe              |       |       |    22 |       ||    22
       Scale mail        |       |       |       |    14 ||    14
       Ring mail         |       |       |       |    30 ||    30
Dodge: Dodged            |    48 |   144 |   235 |   160 ||   587
